 Dungeon Crawl Stone Soup version 0.21.1-1-g345015fe64 (webtiles) character file.

303 Oravi the Vandal (level 6, 0/39 HPs)
             Began as a Halfling Hunter on Mar 23, 2018.
             Slain by a scorpion (6 damage)
             ... on level 4 of the Dungeon.
             The game lasted 00:28:00 (3466 turns).

Oravi the Vandal (Halfling Hunter)                  Turns: 3466, Time: 00:28:01

Health: 0/39       AC:  4    Str: 14    XL:     6   Next: 66%
Magic:  6/6        EV: 15    Int:  9    God:
Gold:   162        SH:  4    Dex: 16    Spells: 5/5 levels left

rFire    . . .     SeeInvis .   b - +0 short sword
rCold    . . .     Gourm    .   q - +0 buckler
rNeg     . . .     Faith    .   c - +0 leather armour
rPois    .         Spirit   .   i - +0 helmet
rElec    .         Reflect  .   (no cloak)
rCorr    .         Harm     .   (no gloves)
MR       .....                  (no boots)
Stlth    +++.......             m - amulet of regeneration
HPRegen  0.53/turn              (no ring)
MPRegen  0.10/turn              (no ring)

@: lethally poisoned (0 -> -2)
A: small, mutation resistance 1
a: no special abilities


You were on level 4 of the Dungeon.
You were not hungry.

You visited 1 branch of the dungeon, and saw 4 of its levels.

You collected 162 gold pieces.

Inventory:

Hand Weapons
 a - a +2 hunting sling
 b - a +0 short sword (weapon)
Missiles
 h - 138 stones (quivered)
 w - a sling bullet
Armour
 c - a +0 leather armour (worn)
 d - a +0 ring mail
 g - a +0 chain mail
 i - a +0 helmet (worn)
 q - a +0 buckler (worn)
 r - a +0 scale mail
Jewellery
 m - an amulet of regeneration (around neck)
Scrolls
 n - a scroll of teleportation
 t - a scroll of remove curse
 u - a scroll of magic mapping
Potions
 e - a potion of ambrosia
 j - 2 potions of flight {unknown}
 k - a potion of might {unknown}
 l - a potion of brilliance {unknown}
 o - a potion of agility {unknown}
 p - 3 potions of experience {unknown}
 s - a potion of berserk rage {unknown}
 x - a potion of haste {unknown}
Comestibles
 f - 8 rations
 v - 2 chunks of flesh


   Skills:
 + Level 1.7 Fighting
 + Level 7.8 Slings
 + Level 3.7 Dodging
 * Level 4.9 Stealth
 + Level 0.5 Shields


You had 5 spell levels left.
You didn't know any spells.

Dungeon Overview and Level Annotations

Branches:
Dungeon (4/15)
 Temple: D:4-7

Altars:
Elyvilon
Nemelex Xobeh
Okawaru
Trog

Annotations:
D:3 epok's ghost, amateur GrBe


Innate Abilities, Weirdness & Mutations

You are small and have problems with some larger weapons.
You are somewhat resistant to further mutation.


Message History

The scorpion stings you but does no damage.
You completely miss the scorpion.
The scorpion is severely wounded.
You feel sick. The scorpion barely misses you.
You barely miss the scorpion.
The scorpion is severely wounded.
The scorpion stings you.
* * * LOW HITPOINT WARNING * * *
You are more poisoned.
The scorpion poisons you!
You hit the scorpion but do no damage.
The scorpion is severely wounded.
You feel sick. The scorpion barely misses you.
You hit the scorpion.
The scorpion is almost dead.
You feel sick. The scorpion barely misses you.
You barely miss the scorpion.
The scorpion is almost dead.
You feel sick. The scorpion stings you.
You die...

#...#....#
#........#
#........#
########........+
##...............##
#..................
#..................
#..................
#.@................
#s##...##.###.)....
#( ######.# ###...#
#( #.# #≈≈...≈ #.
######.###≈..♣..
#..................
###########...♣._.♣
##[..r... ##≈..♣..


You could see a scorpion.

Vanquished Creatures
  Sigmund (D:4)
  Terence (D:1)
  Natasha (D:2)
  3 adders
  An ooze (D:2)
  An adder skeleton (D:3)
  A dart slug (D:1)
  3 leopard geckos
  5 orcs
  A giant cockroach (D:1)
  6 goblins
  6 hobgoblins
  4 kobolds
  3 quokkas
  5 bats
  4 frilled lizards
  8 rats
54 creatures vanquished.

Notes
Turn   | Place    | Note
-------+----------+-------------------------------------------
     0 | D:1      | Oravi the Halfling Hunter began the quest for the Orb.
     0 | D:1      | Reached XP level 1. HP: 14/14 MP: 1/1
    32 | D:1      | Reached skill level 6 in Slings
   129 | D:1      | Reached XP level 2. HP: 19/19 MP: 2/2
   220 | D:1      | Found a sparkling altar of Nemelex Xobeh.
   647 | D:2      | Noticed Terence
   683 | D:1      | Killed Terence
   683 | D:1      | Reached XP level 3. HP: 15/24 MP: 3/3
  1124 | D:2      | Reached XP level 4. HP: 26/29 MP: 4/4
  1449 | D:2      | Found a bloodstained altar of Trog.
  1576 | D:2      | Noticed Natasha
  1589 | D:2      | Killed Natasha
  2021 | D:3      | Noticed epok's ghost (amateur GrBe)
  2136 | D:3      | Found an iron altar of Okawaru.
  2169 | D:3      | Reached XP level 5. HP: 34/34 MP: 5/5
  3399 | D:4      | Noticed Sigmund
  3405 | D:4      | Killed Sigmund
  3405 | D:4      | Reached skill level 7 in Slings
  3405 | D:4      | Reached XP level 6. HP: 39/39 MP: 6/6
  3408 | D:4      | Found a white marble altar of Elyvilon.
  3466 | D:4      | Slain by a scorpion

Skill      XL: |  1  2  3  4  5 |
---------------+----------------+-----
Slings         | 6 7 |  7.8
Stealth        | 3 4 |  4.9
Dodging        | 3 |  3.7
Fighting       | |  1.7
Shields        | |  0.5

Action                   |  1- 3 |  4- 6 || total
-------------------------+-------+-------++-------
Melee: Short sword       |    20 |    67 ||    87
 Fire: Hunting sling     |    48 |   116 ||   164
  Use: Potion            |     2 |       ||     2
       Scroll            |       |     7 ||     7
  Eat: Chunk             |       |     4 ||     4
       Ration            |       |     1 ||     1
Armor: Skin              |     3 |       ||     3
       Leather armour    |     4 |    19 ||    23
Dodge: Dodged            |    15 |    62 ||    77
Block: Buckler           |       |    11 ||    11
